 Dungeon Crawl Stone Soup version 0.22-a0-273-g3d7ae589ec (webtiles) character file.

283 Kaname the Conjurer (level 6, 4/42 HPs)
             Began as a Demonspawn Wizard on Mar 13, 2018.
             Was an Initiate of Vehumet.
             Quit the game on level 4 of the Dungeon.
             The game lasted 00:21:14 (4699 turns).

Kaname the Conjurer (Demonspawn Wizard)             Turns: 4699, Time: 00:21:15

Health: 4/42       AC:  3    Str: 13    XL:     6   Next: 7%
Magic:  1/10       EV: 12    Int: 21    God:    Vehumet [......]
Gold:   208        SH:  0    Dex: 11    Spells: 2/11 levels left

rFire    . . .     SeeInvis .   j - +1 dagger (freeze)
rCold    . . .     Gourm    .   (no shield)
rNeg     . . .     Faith    .   a - +0 robe
rPois    .         Spirit   .   b - +0 hat
rElec    .         Reflect  .   (no cloak)
rCorr    .         Harm     .   (no gloves)
MR       .....                  (boots unavailable)
Stlth    ++........             (no amulet)
HPRegen  0.14/turn              (no ring)
MPRegen  0.12/turn              (no ring)

@: mighty, quite poisoned (4 -> 2)
A: talons 3, rugged brown scales 1
a: Renounce Religion


You were on level 4 of the Dungeon.
You worshipped Vehumet.
Vehumet was noncommittal.
You were not hungry.

You visited 1 branch of the dungeon, and saw 4 of its levels.

You collected 208 gold pieces.

Inventory:

Hand Weapons
 j - a +1 dagger of freezing (weapon)
 o - a +0 trident
Armour
 a - a +0 robe (worn)
 b - a +0 hat (worn)
 f - a cursed +0 pair of boots
Wands
 q - a wand of polymorph (3)
Scrolls
 g - a scroll of enchant armour
 i - a scroll of remove curse
 l - 2 scrolls of teleportation
 r - 2 scrolls of fog
 t - a scroll of enchant weapon {unknown}
Potions
 c - a potion of flight {unknown}
 e - a potion of lignification {unknown}
 h - a potion of curing {unknown}
 n - a potion of might
Comestibles
 d - 7 rations
 m - 2 chunks of flesh


   Skills:
 - Level 1.7 Dodging
 - Level 1.7 Stealth
 - Level 3.0 Spellcasting
 + Level 4.3 Conjurations
   Level 1.0 Summonings
 - Level 1.0 Translocations
 - Level 2.1 Air Magic
 - Level 3.0 Poison Magic


You had 2 spell levels left.
You knew the following spells:

 Your Spells              Type           Power        Failure   Level  Hunger
a - Magic Dart            Conj           ###.         2%          1    None
b - Blink                 Tloc           N/A          13%         2    ##.....
c - Mephitic Cloud        Conj/Pois/Air  ###.....     11%         3    ###....
d - Conjure Flame         Conj/Fire      ##......     16%         3    ###....


Dungeon Overview and Level Annotations

Branches:
Dungeon (4/15)
 Temple: D:4-7

Altars:
Vehumet

Portals:
Sewer: D:4

Annotations:
D:3 Grinder; mora's ghost, amateur CeSk


Innate Abilities, Weirdness & Mutations

You have claws for feet.
You are partially covered in rugged brown scales. (AC +1, +3% HP)


Message History

You barely miss the hound. Your kick misses the hound.
The hound is lightly wounded.
You hear the slow rusting of a drain.
You feel sick. The hound barely misses you.
You puncture the hound! You freeze the hound.
The hound is almost dead.
The hound bites you.
* * * LOW HITPOINT WARNING * * *
The hound barely misses you.
You miss the hound.
You kill the hound!
Vehumet accepts your kill.
You have reached level 6!
Your experience leads to an increase in your attributes!
Your base attributes are Str 8, Int 20, Dex 11.
Increase (S)trength, (I)ntelligence, or (D)exterity?
Uppercase letters only, please.
You feel clever.
Your demonic ancestry asserts itself...
Rugged brown scales grow over part of your body.
Are you sure you want to abandon this character and quit the game? (Confirm with "yes".)

.≈≈≈≈≈...#
≈≈≈≈≈≈≈#.###..###....
≈≈≈≈≈≈≈.............. #
≈≈≈∩≈≈≈... ........#.##
≈≈≈≈≈≈≈≈.####(#.###.#..
≈≈≈≈≈≈≈#...............
.≈≈≈≈≈..........# #.#.#
≈#.@..÷.....###.#.#.
...................)#.#.
#.#.#.###.##.##<###.....
............##.......##
...#..###...........#.##
#. #. #...........#.## .
# #...........#...
#...........####
............# #


There were no monsters in sight!

Vanquished Creatures
  A bullfrog (D:4)
  An orc priest (D:3)
  A hound (D:4)
  An orc wizard (D:3)
  4 adders
  4 worms
  A leopard gecko (D:3)
  6 orcs
  2 ball pythons (D:3)
  9 bats
  2 giant cockroaches (D:1)
  7 goblins
  11 hobgoblins
  5 jackals
  5 kobolds
  A quokka (D:3)
  4 frilled lizards
  5 rats
70 creatures vanquished.

Notes
Turn   | Place    | Note
-------+----------+-------------------------------------------
     0 | D:1      | Kaname the Demonspawn Wizard began the quest for the Orb.
     0 | D:1      | Reached XP level 1. HP: 13/13 MP: 4/4
   220 | D:1      | Reached skill level 2 in Conjurations
   243 | D:1      | Gained mutation: You have sharp toenails. [demonic ancestry]
   243 | D:1      | Reached XP level 2. HP: 19/19 MP: 3/6
   247 | D:1      | Learned a level 2 spell: Blink
   299 | D:1      | Reached skill level 1 in Translocations
  1437 | D:2      | Gained mutation: You have razor-sharp toenails. [demonic ancestry]
  1437 | D:2      | Reached XP level 3. HP: 24/24 MP: 3/7
  1486 | D:2      | Reached skill level 3 in Conjurations
  1545 | D:2      | Learned a level 3 spell: Mephitic Cloud
  1867 | D:2      | Found a radiant altar of Vehumet.
  1927 | D:2      | Became a worshipper of Vehumet
  2205 | D:2      | Found a radiant altar of Vehumet.
  2551 | D:2      | Found a radiant altar of Vehumet.
  2873 | D:3      | Gained mutation: You have claws for feet. [demonic ancestry]
  2873 | D:3      | Reached XP level 4. HP: 24/30 MP: 1/8
  2917 | D:3      | Reached skill level 4 in Conjurations
  2932 | D:3      | Learned a level 3 spell: Conjure Flame
  2999 | D:3      | Noticed Grinder
  3215 | D:3      | Noticed mora's ghost (amateur CeSk)
  3598 | D:3      | Reached skill level 1 in Poison Magic
  4013 | D:3      | Found a faded altar of an unknown god.
  4398 | D:3      | Reached XP level 5. HP: 17/35 MP: 0/9
  4660 | D:4      | Found a glowing drain.
  4698 | D:4      | Gained mutation: You are partially covered in rugged brown scales. (AC +1, +3% HP) [demonic ancestry]
  4698 | D:4      | Reached XP level 6. HP: 3/42 MP: 1/10
  4699 | D:4      | Quit the game

Vault maps used:
D:1:      dpeg_arrival_simpleton_c
D:2:      vehumet_crystals, first_ration
D:3:      chequers_ecumenical_altar_simple, minmay_misc_feat_encased,
          tgw_fedhas, uniq_grinder
D:4:      cheibrodos_sewer_entry_drain, uniq_menkaure

Skill      XL: |  1  2  3  4  5 |
---------------+----------------+-----
Conjurations   | 2 3 4 |  4.3
Translocations | 1 |  1.0
Poison Magic   | 2 3 |  3.0
Air Magic      | 2 |  2.1
Dodging        | |  1.7
Stealth        | |  1.7
Spellcasting   | |  3.0
Summonings     | |  1.0

Action                   |  1- 3 |  4- 6 || total
-------------------------+-------+-------++-------
Melee: Unarmed           |    38 |       ||    38
       Dagger            |    26 |    56 ||    82
       Kick              |       |    10 ||    10
       Trident           |       |    14 ||    14
 Cast: Magic Dart        |    82 |    84 ||   166
       Mephitic Cloud    |       |     4 ||     4
       Conjure Flame     |       |     3 ||     3
Evoke: Wand              |       |     2 ||     2
  Use: Scroll            |     1 |     6 ||     7
       Potion            |       |     3 ||     3
 Stab: Sleeping          |     2 |       ||     2
       Confused          |       |     1 ||     1
  Eat: Chunk             |     6 |     3 ||     9
       Ration            |       |     1 ||     1
Armor: Robe              |    28 |    17 ||    45
Dodge: Dodged            |    73 |    60 ||   133

Table legend:
 A = Spawn XP
 B = Non-spawn XP
 C = Spawn XP percentage of total XP
 D = Spawn monster count
 E = Non-spawn monster count
 F = Spawn count percentage of total count
 G = Total turns spent on level
                    A         B        C        D         E        F      G
               +---------+---------+-------+---------+---------+-------+---------
         Total |       0 |     405 |   0.0 |       0 |      70 |   0.0 |  4699
               +---------+---------+-------+---------+---------+-------+---------
           D:1 |       0 |      38 |   0.0 |       0 |      20 |   0.0 |  1400
           D:2 |       0 |      56 |   0.0 |       0 |      17 |   0.0 |  2065
           D:3 |       0 |     162 |   0.0 |       0 |      26 |   0.0 |  1078
           D:4 |       0 |     149 |   0.0 |       0 |       7 |   0.0 |   156
               +---------+---------+-------+---------+---------+-------+---------
